 Dungeon Sprint DCSS version 0.31-a0-986-g5e6e4ef867 (webtiles) character file.

Game seed: 15613582384358123981

2522 rocky1 the Carver (level 9, -6/55 HPs)
             Began as a Tengu Reaver on Nov 20, 2023.
             Was a High Priest of Sif Muna.
             Mangled by a merfolk
             ... wielding a +0 trident
              (12 damage)
             ... in the Dungeon (Sprint VII: "The Pits").
             The game lasted 00:03:54 (1414 turns).

rocky1 the Carver (Tengu Reaver)                    Turns: 1414, Time: 00:03:56

Health: -6/55      AC: 15    Str: 12    XL:     9   Next: 54%
Magic:  16/16      EV: 18    Int: 20    God:    Sif Muna [*****.]
Gold:   0          SH:  0    Dex: 14    Spells: 13/16 levels left

rFire   . . .        t - +2 scimitar (holy)
rCold   . . .        (no shield)
rNeg    . . .        s - +5 ring mail
rPois   .            (helmet restricted)
rElec   .            (no cloak)
rCorr   .            (no gloves)
SInv    .            (boots unavailable)
Will    .....        (no amulet)
Stlth   +            g - +3 ring of protection
HPRegen 0.29/turn    p - +3 ring of intelligence
MPRegen 0.15/turn

%: no teleportation, acrobat
@: flying
A: beak, talons 3, evasive flight, acrobatic
a: Renounce Religion, Channel Magic, Forget Spell, Divine Exegesis


You were in the Dungeon.
You worshipped Sif Muna.
Sif Muna was extremely pleased with you.
You visited 1 branch

Inventory:

Hand Weapons
 o - a +3 long sword of flaming
 t - a +2 scimitar of holy wrath (weapon)
Armour
 b - a +0 leather armour
 s - a +5 ring mail (worn)
Jewellery
 g - a +3 ring of protection (left hand)
 p - a +3 ring of intelligence (right hand)
Scrolls
 j - 2 scrolls of vulnerability
 k - 5 scrolls of amnesia
 l - a scroll of butterflies
Potions
 c - 7 potions of curing
 d - 8 potions of heal wounds
 e - 2 potions of haste
 f - 4 potions of magic
 i - 2 potions of invisibility
 q - 2 potions of brilliance
 r - a potion of berserk rage


   Skills:
 * Level 6.2 Fighting
 + Level 13.7 Long Blades
 * Level 9.4 Armour
 * Level 9.9 Dodging
 + Level 4.1 Spellcasting
 + Level 9.1 Conjurations
 * Level 7.9 Invocations


You had 13 spell levels left.
You knew the following spells:

 Your Spells              Type           Power      Damage    Failure   Level
a - Kiss of Death         Conj/Necr      88%        2d12      3%          1
b - Blink                 Tloc           8%         N/A       36%         2

Your spell library contained the following spells:

 Spells                   Type           Power      Damage    Failure   Level
 Momentum Strike          Conj/Tloc      44%        3d9       5%          2
 Hailstorm                Conj/Ice       22%        3d7       11%         3
 Call Imp                 Summ           8%         N/A       36%         2
 Passwall                 Tmut/Erth      3%         N/A       36%         2
 Poisonous Vapours        Pois/Air       8%         N/A       36%         2


Dungeon Overview and Level Annotations

Branches:
Dungeon (1/1)

Altars:
Ashenzari
Cheibriados
Dithmenos
Elyvilon
Fedhas
Gozag
Hepliaklqana
Kikubaaqudgha
Makhleb
Nemelex Xobeh
Okawaru
Qazlal
Ru
Sif Muna
Trog
Uskayaw
Vehumet
Wu Jian
Xom
Yredelemnul
Zin
The Shining One
Jiyva
Lugonu


Innate Abilities, Weirdness & Mutations

You have a beak for a mouth.
You have claws for feet.
Your magical flight helps you evade attacks. (EV +4)
You can magically evade attacks while moving or waiting.


Message History

You hit the death yak but do no damage. You peck the death yak.
The death yak is heavily wounded.
You slash the death yak! Your kick misses the death yak.
The death yak is severely wounded.
The death yak gores you. The merfolk completely misses you.
You slash the death yak! Your kick misses the death yak.
You peck the death yak, but do no damage.
The death yak is severely wounded.
The death yak gores you but does no damage.
You hit the death yak but do no damage.
You claw the death yak, but do no damage.
You peck the death yak, but do no damage.
The death yak is severely wounded.
The merfolk barely misses you.
You hit the death yak but do no damage.
You claw the death yak, but do no damage.
Your peck misses the death yak.
The death yak is severely wounded.
The death yak gores you!
The merfolk hits you from afar with a +0 trident!
You are too injured to fight recklessly!
You hit the death yak.
The death yak is severely wounded.
The death yak misses you. The merfolk closely misses you.
You hit the death yak but do no damage. You peck the death yak.
The death yak is severely wounded.
The death yak gores you!
* * * LOW HITPOINT WARNING * * *
You hit the death yak.
You claw the death yak, but do no damage.
You peck the death yak, but do no damage.
The death yak is severely wounded.
The merfolk closely misses you.
You barely miss the death yak.
You peck the death yak, but do no damage.
The death yak is severely wounded.
The death yak gores you!
* * * LOW HITPOINT WARNING * * *
The merfolk hits you from afar with a +0 trident!
You die...

)#####......#..#......#
..'.##................#
..#.#####'#####''######
###.##.......##''### ##
..#.##.......##....# ..+
..'.##.......##...##...#
######...<...##..##...#
.)).##.......##.†#y..#
))).##.......##.@Yy.#
######.......##.##m.#
.#..############ .+
.#÷########### #
.#)#....#..[[#
.#)#)...#..[.#
.#))....'..))#
.#'#)...#..))#
.).#....#..)[#


You could see a death yak, a merfolk and 2 vampire mosquitoes.

Vanquished Creatures
  A two-headed ogre (D)
  A smoke demon (D)
  An ice devil (D)
  2 glass eyes (D)
  A vampire mosquito (D)
  A redback (D)
  A black bear (D)
  A wolf (D)
  A centaur (D)
  2 phantoms (D)
  A necrophage (D)
  A scorpion (D)
  3 orc priests (D)
  An iguana (D)
  4 orc wizards (D)
  A mummy (D)
  2 gnolls (D)
  2 adders (D)
  An ufetubus (D)
  2 orcs (D)
  An endoplasm (D)
  A hobgoblin (D)
  A quokka (D)
  A ball python zombie (D)
  A rat (D)
35 creatures vanquished.

Notes
Turn   | Place    | Note
-------+----------+-------------------------------------------
     0 | D        | rocky1 the Tengu Reaver began the quest for the Orb.
     0 | D        | Reached XP level 1. HP: 12/12 MP: 4/4
    40 | D        | Found a bloodstained altar of Trog.
    40 | D        | Found a shimmering blue altar of Sif Muna.
    40 | D        | Found a viscous altar of Jiyva.
    40 | D        | Found a hazy altar of Hepliaklqana.
    40 | D        | Found an opulent altar of Gozag.
    41 | D        | Found a glowing golden altar of the Shining One.
    41 | D        | Found a glowing silver altar of Zin.
    41 | D        | Found a basalt altar of Yredelemnul.
    41 | D        | Found a shimmering altar of Xom.
    41 | D        | Found an ornate altar of the Wu Jian Council.
    41 | D        | Found a sacrificial altar of Ru.
    41 | D        | Found a stormy altar of Qazlal.
    41 | D        | Found an iron altar of Okawaru.
    41 | D        | Found a sparkling altar of Nemelex Xobeh.
    41 | D        | Found a burning altar of Makhleb.
    41 | D        | Found a blossoming altar of Fedhas.
    41 | D        | Found a white marble altar of Elyvilon.
    41 | D        | Found a shadowy altar of Dithmenos.
    41 | D        | Found a snail-covered altar of Cheibriados.
    44 | D        | Found a corrupted altar of Lugonu.
    44 | D        | Found a radiant altar of Vehumet.
    45 | D        | Found an ancient bone altar of Kikubaaqudgha.
    45 | D        | Found a hide-covered altar of Uskayaw.
    45 | D        | Found a broken altar of Ashenzari.
    46 | D        | Became a worshipper of Sif Muna the Loreminder
    76 | D        | Reached skill level 4 in Long Blades
    76 | D        | Reached skill level 1 in Armour
    76 | D        | Reached skill level 5 in Conjurations
    76 | D        | Reached skill level 1 in Invocations
    76 | D        | Reached XP level 2. HP: 5/17 MP: 6/6
   238 | D        | Noticed a glass eye
   241 | D        | Reached * piety under Sif Muna
   256 | D        | Killed a glass eye
   257 | D        | Reached skill level 7 in Long Blades
   257 | D        | Reached skill level 5 in Dodging
   257 | D        | Reached XP level 3. HP: 18/23 MP: 6/8
   257 | D        | Reached XP level 4. HP: 22/28 MP: 7/10
   257 | D        | Reached XP level 5. HP: 25/32 MP: 7/11
   395 | D        | Noticed a phantom
   406 | D        | Reached ** piety under Sif Muna
   419 | D        | Killed a phantom
   420 | D        | Reached skill level 5 in Armour
   420 | D        | Reached XP level 6. HP: 19/37 MP: 12/12
   501 | D        | HP: 1/37 [orc priest/divine providence (15)]
   506 | D        | Reached skill level 8 in Long Blades
   509 | D        | Reached *** piety under Sif Muna
   510 | D        | Reached skill level 5 in Invocations
   510 | D        | Gained mutation: Your magical flight helps you evade
                  | attacks. (EV +4) [Tengu growth]
   510 | D        | Reached XP level 7. HP: 41/41 MP: 13/13
   514 | D        | Reached skill level 9 in Long Blades
   516 | D        | Noticed a glass eye
   520 | D        | Reached **** piety under Sif Muna
   541 | D        | Killed a glass eye
   542 | D        | Reached skill level 10 in Long Blades
   753 | D        | Reached ***** piety under Sif Muna
   756 | D        | Noticed an ice devil
   771 | D        | Killed an ice devil
   772 | D        | Reached skill level 11 in Long Blades
   772 | D        | Reached XP level 8. HP: 48/48 MP: 15/15
   962 | D        | Identified the "Iguxtaac" (Sif Muna gifted it to you in
                  | the Dungeon)
   962 | D        | Received a gift from Sif Muna
  1075 | D        | Learned a level 2 spell: Blink
  1077 | D        | Noticed a smoke demon
  1086 | D        | Killed a smoke demon
  1087 | D        | Reached skill level 5 in Fighting
  1087 | D        | Reached skill level 12 in Long Blades
  1272 | D        | Noticed a two-headed ogre
  1297 | D        | Reached XP level 9. HP: 45/53 MP: 16/16
  1308 | D        | Killed a two-headed ogre
  1309 | D        | Reached skill level 13 in Long Blades
  1396 | D        | Noticed a death yak
  1400 | D        | Identified the of Werahumi (Sif Muna gifted it to you in
                  | the Dungeon)
  1400 | D        | Received a gift from Sif Muna
  1404 | D        | Noticed a merfolk
  1414 | D        | Mangled by a merfolk

Illustrated notes

Levels and vault maps discovered:
D:        pitsprint [storerooms_1, entrance_room_1, metal_vault_7, armoury_1,
          mini_pit_1, grid_room_1, main_hall_1, silver_pit, the_coven_2,
          the_vestibule_1, steel_vault_3, golden_pit, hallway_of_sentries,
          crystal_vault_2, iron_vault_3, final_vault]

Skill      XL: |  1  2  3  4  5  6  7  8  9 |
---------------+----------------------------+-----
Long Blades    | 4 7 8 11 12 13 | 13.7
Armour         | 1 4 5 7 8 9 |  9.4
Conjurations   | 5 7 8 9 |  9.1
Invocations    | 1 3 4 5 6 7 |  7.9
Fighting       | 3 4 5 6 |  6.2
Dodging        | 5 6 7 8 9 |  9.9
Spellcasting   | 3 4 |  4.1

Action                     |  1- 3 |  4- 6 |  7- 9 || total
---------------------------+-------+-------+-------++-------
  Melee: Falchion          |    25 |    25 |    43 ||    93
         Kick              |     9 |     6 |    34 ||    49
         Peck              |     3 |     6 |    24 ||    33
         Punch             |       |       |     2 ||     2
         Long sword        |       |       |    30 ||    30
         Scimitar          |       |       |    41 ||    41
   Cast: Kiss of Death     |     1 |       |     1 ||     2
    Use: Potion            |       |     3 |     4 ||     7
         Scroll            |       |       |     1 ||     1
   Stab: Sleeping          |     1 |       |       ||     1
 Armour: Leather armour    |     5 |    10 |       ||    15
         Ring mail         |       |     6 |    41 ||    47
  Dodge: Dodged            |     4 |    25 |    69 ||    98

Table legend: (Time is in decaauts)
 A = Elapsed time spent in this place.
 B = Non-inter-level travel time spent in this place.
 C = Inter-level travel time spent in this place.
 D = Time resting spent in this place.
 E = Time spent auto-exploring this place.
 F = Levels seen in this place.
 G = Mean time per level.
                   A        B        C        D        E       F      G
               +--------+--------+--------+--------+--------+-----+--------+
         Total |   1410 |   1254 |    156 |    825 |      0 |   1 | 1410.0 |
       Dungeon |   1410 |   1254 |    156 |    825 |      0 |   1 | 1410.0 |
               +--------+--------+--------+--------+--------+-----+--------+

Top non-repeatable levels by time:
       D: 1410 daAuts
